Map: Oxide LE

Players

Dark - Winner!

  • Race: Zerg Zerg
  • Spawn Location: 1:00

ShoWTimE

  • Race: Protoss Protoss
  • Spawn Location: 7:00

Event: TSL 6

VOD

Have the link to the VOD?

Description

Time

  • Played on: Dec. 20, 2020, 10:54 a.m.
  • Length: 11:05

All games in this series

Show
View Real Time Build Order
Export as new Build Order

Dark Zerg - Winner!

Build Orders: Hatch First 

Get SALT Encoding   

  12  0:00  Drone  
  13  0:12  Overlord  
  13  0:17  Drone  
  14  0:31  Drone x2  
  16  0:46  Drone x2  
  18  0:56  Hatchery  
  17  1:00  Drone  
  17  1:01  Extractor  
  17  1:14  Spawning Pool  
  17  1:16  Drone  
  17  1:19  Drone  
  18  1:28  Drone  
  19  1:39  Drone  
  20  1:54  Hatchery  
  20  1:57  Drone  
  20  2:02  Metabolic Boost  
  20  2:05  Drone  
  21  2:11  Queen  
  21  2:15  Drone  
  24  2:18  Drone  
  25  2:24  Overlord  
  25  2:27  Drone  
  26  2:34  Zergling x2  
  27  2:40  Zergling x2  
  27  2:41  Queen  
  30  2:44  Drone  
  30  2:47  Zergling x2  
  32  2:52  Queen  
  34  3:01  Drone x2  
  36  3:07  Drone x2  
  36  3:10  Queen  
  40  3:13  Overlord  
  40  3:14  Drone  
  40  3:17  Drone  
  42  3:24  Overlord  
  42  3:30  Overlord  
  42  3:32  Drone x2  
  42  3:34  Drone  
  45  3:38  Spore Crawler  
  44  3:42  Roach Warren, Spore Crawler  
  44  3:43  Drone  
  44  3:46  Drone  
  44  3:47  Drone  
  45  3:49  Drone  
  45  3:51  Drone  
  45  3:53  Drone  
  45  3:55  Drone  
  49  4:00  Drone x2  
  49  4:01  Extractor  
  51  4:02  Drone  
  51  4:03  Drone  
  51  4:07  Overlord  
  51  4:22  Roach x2  
  51  4:23  Roach  
  57  4:24  Zergling x2  
  57  4:25  Zergling x12  
  57  4:28  Zergling x2  
  57  4:29  Zergling x4  
  67  4:32  Spore Crawler  
  67  4:38  Zergling x4  
  68  4:41  Ravager  
  68  4:42  Ravager  
  68  4:44  Zergling x4  
  73  4:52  Ravager  
  73  4:53  Overlord  
  73  4:54  Overlord  
  73  4:56  Overlord  
  73  5:03  Zergling x2  
  74  5:08  Overlord  
  74  5:11  Overlord  
  74  5:13  Zergling x12  
  80  5:16  Lair  
  80  5:19  Zergling x10  
  85  5:27  Zergling x2  
  84  5:40  Drone x7  
  80  5:44  Drone  
  80  5:47  Drone  
  80  5:49  Drone x3, Evolution Chamber, Baneling Nest  
  82  5:52  Drone  
  82  5:55  Drone  
  84  5:59  Drone  
  83  6:09  Drone  
  77  6:17  Drone x5  
  79  6:23  Drone x2  
  79  6:24  Drone  
  79  6:25  Drone  
  79  6:26  Drone x2  
  79  6:28  Zerg Melee Weapons Level 1  
  79  6:29  Extractor  
  79  6:30  Extractor, Roach  
  82  6:35  Roach x4  
  82  6:38  Extractor x2  
  85  6:40  Glial Reconstitution  
  85  6:41  Drone  
  85  6:51  Hatchery  
  85  6:52  Drone  
  85  6:53  Drone  
  86  6:55  Hatchery  
  86  6:58  Drone x4  
  89  7:02  Zergling x2, Roach x4  
  89  7:03  Zergling x4  
  98  7:12  Centrifical Hooks  
  98  7:16  Zergling x8, Evolution Chamber  
  98  7:20  Zergling x6  
  98  7:21  Zergling x2  
  105  7:29  Queen x2  
  109  7:31  Drone x5  
  114  7:40  Overlord  
  114  7:47  Overlord  
  114  7:49  Overlord x2  
  114  7:51  Overseer  
  114  7:52  Overlord  
  114  7:53  Overlord x2  
  113  7:58  Overlord  
  113  8:01  Roach x2  
  113  8:02  Roach  
  113  8:03  Overlord  
  113  8:05  Roach x4  
  127  8:08  Roach x2  
  127  8:09  Overlord x3  
  130  8:15  Zerg Missile Weapons Level 1  
  130  8:22  Drone x7  
  130  8:26  Drone x3  
  140  8:30  Zergling x4, Hatchery  
  140  8:31  Zergling x4  
  140  8:32  Ravager x3  
  146  8:39  Zergling x18  
  155  8:44  Zergling x6  
  158  8:52  Infestation Pit  
  158  8:55  Zergling x16  
  165  8:57  Ravager x6  
  165  9:00  Zergling x2  
  172  9:07  Baneling  
  172  9:08  Baneling x20  
  172  9:10  Zergling x6  
  172  9:13  Baneling x2  
  172  9:14  Zergling x6  
  178  9:23  Zergling x10  
  171  9:28  Roach x4  
  166  9:32  Roach x2  
  166  9:36  Roach x7  
  154  9:38  Roach x2  
  154  9:41  Roach x2  
  149  9:45  Zergling x10  
  149  9:46  Zergling x2  
  149  9:48  Baneling x5  
  149  9:52  Roach x2  
  155  9:55  Roach x2  
  155  9:58  Roach  
  155  9:59  Roach  
  151  10:04  Roach x2  
  151  10:06  Zergling x2  
  146  10:07  Roach  
  146  10:10  Roach  
  146  10:12  Roach x2  
  146  10:14  Zergling x4  
  142  10:15  Zergling x2  
  142  10:18  Zergling x4  
  142  10:20  Zergling x4  
  130  10:22  Roach  
  130  10:27  Zergling x8  
  115  10:30  Roach x2  
  115  10:33  Roach  
  115  10:35  Zergling x4  
  114  10:38  Roach  
  114  10:42  Zergling x6  
  113  10:45  Roach x2  
Show
View Real Time Build Order
Export as new Build Order

ShoWTimE Protoss 

Build Orders: 1 Gate Expand, Mass Adepts 

Get SALT Encoding   

  12  0:00  Probe  
  13  0:12  Probe  
  14  0:19  Pylon  
  14  0:24  Probe  
  15  0:37  Probe (Chrono Boost)  
  15  0:39  Gateway  
  16  0:46  Probe (Chrono Boost)  
  16  0:49  Assimilator  
  17  0:51  Probe (Chrono Boost)  
  18  1:03  Probe  
  19  1:15  Probe  
  20  1:26  Nexus  
  20  1:35  Cybernetics Core  
  20  1:38  Probe  
  21  1:43  Assimilator  
  21  1:50  Probe  
  22  1:55  Pylon  
  22  2:02  Probe (Chrono Boost)  
  22  2:03  Adept  
  23  2:12  Warp Gate  
  23  2:14  Probe (Chrono Boost)  
  26  2:22  Probe (Chrono Boost)  
  27  2:28  Probe  
  27  2:29  Twilight Council  
  27  2:32  Stalker (Chrono Boost)  
  30  2:39  Probe  
  30  2:40  Probe  
  32  2:51  Probe  
  33  2:52  Probe  
  33  2:57  Robotics Facility  
  34  3:03  Probe (Chrono Boost)  
  36  3:06  Probe (Chrono Boost)  
  36  3:09  Gateway  
  36  3:14  Adept  
  36  3:15  Probe (Chrono Boost)  
  36  3:16  Resonating Glaives (Chrono Boost)  
  40  3:22  Probe x2 (Chrono Boost)  
  40  3:26  Gateway  
  41  3:29  Probe  
  41  3:30  Probe  
  41  3:33  Pylon  
  43  3:41  Warp Prism (Chrono Boost)  
  43  3:42  Probe  
  43  3:48  Pylon  
  46  3:58  Assimilator  
  46  4:00  Assimilator, Adept  
  46  4:02  Probe x2  
  50  4:03  Adept  
  50  4:09  Robotics Bay  
  52  4:14  Probe  
  52  4:15  Probe  
  52  4:16  Pylon  
  54  4:24  Adept x3  
  54  4:28  Probe x2  
  62  4:31  Pylon  
  62  4:35  Observer  
  63  4:43  Probe  
  64  4:50  Adept x3  
  70  4:53  Pylon, Disruptor (Chrono Boost)  
  73  5:11  Adept x3  
  79  5:19  Pylon, Disruptor (Chrono Boost)  
  79  5:21  Nexus  
  79  5:26  Probe x2  
  84  5:32  Pylon  
  84  5:38  Probe  
  84  5:39  Probe  
  72  5:47  Forge  
  72  5:49  Adept x3  
  72  5:50  Probe  
  72  5:52  Shield Battery  
  72  5:55  Probe  
  74  6:03  Probe  
  75  6:07  Probe  
  75  6:10  Adept x3  
  76  6:15  Probe  
  72  6:19  Probe  
  72  6:21  Pylon, Immortal (Chrono Boost)  
  69  6:27  Probe  
  68  6:34  Adept  
  68  6:35  Adept x2  
  68  6:37  Protoss Ground Weapons Level 1 (Chrono Boost)  
  68  6:39  Probe  
  76  6:40  Shield Battery, Probe  
  76  6:46  Probe  
  77  6:55  Gateway  
  77  6:56  Sentry x3, Gateway  
  77  6:57  Gateway  
  83  7:10  Colossus (Chrono Boost)  
  83  7:11  Pylon  
  83  7:12  Assimilator  
  83  7:14  Extended Thermal Lance  
  89  7:20  Blink (Chrono Boost)  
  89  7:23  Gateway  
  89  7:24  Gateway  
  89  7:26  Probe x2  
  89  7:27  Probe  
  92  7:33  Assimilator  
  92  7:40  Probe x3  
  92  7:42  Phoenix  
  92  7:43  Pylon  
  95  7:51  Sentry x4  
  97  7:54  Pylon  
  97  7:56  Adept x2  
  107  8:02  Pylon  
  107  8:04  Colossus (Chrono Boost)  
  112  8:16  Photon Cannon  
  112  8:17  Photon Cannon  
  112  8:18  Photon Cannon  
  112  8:22  Stalker x3  
  112  8:23  Stalker x2  
  122  8:29  Stalker x2  
  126  8:42  Pylon  
  126  8:53  Stalker x7  
  140  8:56  Pylon  
  140  9:02  Stalker, Pylon  
  142  9:18  Stalker x6  
  152  9:25  Stalker  
  127  9:42  Stalker x3  
  127  9:43  Stalker x3  
  126  9:46  Stalker  
  126  10:03  Stalker  
  126  10:06  Stalker x2  
  126  10:07  Stalker x3  
  108  10:18  Warp Prism (Chrono Boost)  
  96  10:29  Stalker x4  
  96  10:31  Stalker x2  
  100  10:41  Stalker x2  
Tags
 
Add a new tag
Caveats
  • Supply blocks, unpowered buildings, or Contaminate may cause inaccurate times.
  • Supply counts are checked every 10 seconds.